 Dungeon Crawl Stone Soup version 0.31-a0-360-gb3e1d13bf4 (webtiles) character file.

Game seed: 9071926745428519386

261 Newt the Trooper (level 5, -1/69 HPs)
             Began as a Draconian Shapeshifter on July 26, 2023.
             Killed from afar by an orc wizard (5 damage)
             ... with a magic dart
             ... on level 3 of the Dungeon.
             The game lasted 00:02:16 (1913 turns).

Newt the Trooper (Draconian Shapeshifter)           Turns: 1913, Time: 00:02:16

Health: -1/69      AC: 22    Str: 20    XL:     5   Next: 96%
Magic:  5/5        EV:  2    Int:  8    God:
Gold:   64         SH:  0    Dex: 11    Spells: 4/4 levels left

rFire   . . .        j - +0 whip (drain)
rCold   . . .        (no shield)
rNeg    . . .        (body armour unavailable)
rPois   +            (helmet currently unavailable)
rElec   .            (cloak currently unavailable)
rCorr   .            (gloves currently unavailable)
SInv    .            (boots currently unavailable)
Will    .....        (no amulet)
Stlth   +            (no ring)
HPRegen 0.31/turn    (no ring)
MPRegen 0.09/turn

%: no passive effects
@: tree-form
A: stationary, stasis, torment immunity, boosted hp, AC +5, unfitting armour,
(cold-blooded)
a: no special abilities


You were on level 3 of the Dungeon.
You were a tree.
You visited 1 branch of the dungeon, and saw 3 of its levels.

You collected 64 gold pieces.

Inventory:

Hand Weapons
 d - a +0 spear
 j - a +0 whip of draining (weapon)
Missiles
 l - 5 poisoned darts
Armour
 c - a +2 pair of gloves
Talismans
 b - a beast talisman
Scrolls
 e - a scroll of amnesia
 g - a scroll of noise
 i - a scroll of torment
 m - a scroll of immolation
Potions
 f - a potion of might
 k - a potion of magic


   Skills:
 - Level 4.0 Fighting
 - Level 3.0 Maces & Flails
 + Level 3.6 Dodging
 - Level 3.0 Unarmed Combat
 - Level 3.0 Shapeshifting


You had 4 spell levels left.
You didn't know any spells.
Your spell library was empty.

Dungeon Overview and Level Annotations

Branches:
Dungeon (3/15)

Altars:
Makhleb


Innate Abilities, Weirdness & Mutations

You are a tree.
Your roots penetrate the ground, keeping you stationary.
You cannot be teleported.
You are immune to unholy pain and torment.
Your maximum health is greatly increased.
Your equipment is partially melded.
((Your plain brown scales are hard. (AC +5)))
You cannot fit into any form of body armour.
((You are cold-blooded and may be slowed by cold attacks.))


Message History

The orc hits you with a +1 dagger of venom.
* * * LOW HITPOINT WARNING * * *
You are more poisoned.
It was a potion of curing.
You feel better. The orc barely misses you.
The orc wizard hits you with a +0 dagger.
Something hits you but does no damage.
You barely miss the orc.
The orc is heavily wounded.
The orc wizard hits you with a +0 dagger.
* * * LOW HITPOINT WARNING * * *
Something hits you but does no damage. The orc misses you.
Unknown command.
You hit the orc. You drain the orc.
You kill the orc!
The orc wizard gestures at you while chanting.
The magic dart hits you!
* * * LOW HITPOINT WARNING * * *
Unknown command.
Really quaff the potion of lignification?
Your transformation has ended.
You turn into a tree.
Your roots penetrate the ground.
The orc hits you but does no damage. Something hits you but does no damage.
The orc wizard hits you but does no damage.
Unknown command.
You closely miss the orc wizard.
The orc wizard is almost dead.
You hear some strange, mumbled words.
Something tries to affect you, but you resist.
The orc hits you but does no damage.
The orc wizard points at you and mumbles some strange words.
The puff of flame hits you but does no damage.
You hit the orc wizard but do no damage.
You drain the orc wizard.
The orc wizard is almost dead.
The orc hits you with a +0 falchion.
* * * LOW HITPOINT WARNING * * *
You hear some strange, mumbled words.
A magic dart appears from out of thin air!
The magic dart hits you.
You die...

#... #..#
#..# #..#
#..# #..#
#oo# #{♣#
#..# #..#
#..####
#..:..###
##......#
####.#......
#.# .#...
#.# # .#


You could see an orc wizard (very drained) and an orc.

Vanquished Creatures
  A phantom (D:3)
  Jessica (D:3)
  Natasha (thrice) (D:2)
  2 adders
  3 dart slugs
  4 orcs (D:3)
  6 ball pythons
  A bat (D:1)
  7 endoplasms
  3 giant cockroaches
  4 goblins (D:1)
  7 hobgoblins
  2 jackals (D:1)
  3 kobolds
  A quokka (D:1)
  2 frilled lizards (D:1)
  6 rats
56 creatures vanquished.

Notes
Turn   | Place    | Note
-------+----------+-------------------------------------------
     0 | D:1      | Newt the Draconian Shapeshifter began the quest for the
                  | Orb.
     0 | D:1      | Reached XP level 1. HP: 16/16 MP: 1/1
   254 | D:1      | Reached skill level 2 in Fighting
   350 | D:1      | Reached XP level 2. HP: 25/25 MP: 2/2
   557 | D:1      | Reached skill level 3 in Fighting
   822 | D:1      | Reached XP level 3. HP: 31/31 MP: 3/3
  1176 | D:2      | Noticed Natasha
  1186 | D:2      | Killed Natasha
  1187 | D:2      | Reached skill level 4 in Fighting
  1187 | D:2      | Reached skill level 1 in Maces & Flails
  1187 | D:2      | Reached XP level 4. HP: 26/40 MP: 4/4
  1206 | D:2      | Noticed Natasha
  1211 | D:2      | Killed Natasha
  1311 | D:2      | Noticed Natasha
  1318 | D:2      | Killed Natasha
  1541 | D:2      | Reached XP level 5. HP: 45/46 MP: 5/5
  1545 | D:2      | Found a burning altar of Makhleb.
  1806 | D:3      | Noticed a phantom
  1825 | D:3      | Noticed Jessica
  1826 | D:3      | Killed a phantom
  1830 | D:3      | Killed Jessica
  1913 | D:3      | Killed from afar by an orc wizard

Illustrated notes

Levels and vault maps discovered:
D:1:      dpeg_arrival_houses_and_road, layout_basic
D:2:      layout_rooms, basic_altar, minmay_crystal_water, uniq_natasha
D:3:      layout_loops_ring, serial_shops, shop, shop,
          nicolae_shop_real_fake_doors, nicolae_shop_tiny_statue_garden,
          roderic_batcave, st_stairs_1, uniq_jessica, uniq_terence

Skill      XL: |  1  2  3  4  5 |
---------------+----------------+-----
Fighting       | 2 3 4 |  4.0
Maces & Flails | 1 3 |  3.0
Dodging        | 3 |  3.6
Unarmed Combat | |  3.0
Shapeshifting  | |  3.0

Action                     |  1- 3 |  4- 6 || total
---------------------------+-------+-------++-------
  Melee: Spear             |    51 |       ||    51
         Tailslap          |    10 |     6 ||    16
         Unarmed           |     3 |       ||     3
         Whip              |    31 |    77 ||   108
         Punch             |       |     2 ||     2
    Use: Scroll            |     5 |     3 ||     8
         Potion            |       |     3 ||     3
   Stab: Sleeping          |     1 |       ||     1
 Armour: Skin              |    23 |    26 ||    49
  Dodge: Dodged            |    49 |    36 ||    85

Table legend: (Time is in decaauts)
 A = Elapsed time spent in this place.
 B = Non-inter-level travel time spent in this place.
 C = Inter-level travel time spent in this place.
 D = Time resting spent in this place.
 E = Time spent auto-exploring this place.
 F = Levels seen in this place.
 G = Mean time per level.
                   A        B        C        D        E       F      G
               +--------+--------+--------+--------+--------+-----+--------+
         Total |   1920 |   1818 |    102 |     49 |   1416 |   3 |  640.0 |
       Dungeon |   1920 |   1818 |    102 |     49 |   1416 |   3 |  640.0 |
               +--------+--------+--------+--------+--------+-----+--------+

Top non-repeatable levels by time:
     D:1: 1113 daAuts
     D:2: 551 daAuts
     D:3: 254 daAuts
